 Dungeon Crawl Stone Soup version 0.24-a0-813-g0f74319 (webtiles) character file.

Game seed: 11209395343496006439, levelgen mode: deterministic

48212 qdestroyer the Severer (level 14, -4/126 HPs)
             Began as a Minotaur Berserker on Oct 13, 2019.
             Was a High Priest of Trog.
             Succumbed to a death drake's foul vapour
             ... on level 14 of the Dungeon.
             The game lasted 00:44:23 (13500 turns).

qdestroyer the Severer (Minotaur Berserker)        Turns: 13500, Time: 00:44:24

Health: -4/126     AC: 32    Str: 30    XL:     14   Next: 11%
Magic:  17/17      EV: 15    Int: 16    God:    Trog [*****.]
Gold:   889        SH:  0    Dex: 18    Spells: 13/13 levels left

rFire    . . .     SeeInvis .   C - +7 executioner's axe of Kepar {flame, rC+ rN+ Stlth+}
rCold    + + +     Gourm    .   (shield currently unavailable)
rNeg     + . .     Faith    .   E - +7 plate armour of Trog's Benevolence {MR- Int+5}
rPois    .         Spirit   .   D - +1 hat {Int+3}
rElec    .         Reflect  .   u - +0 cloak
rCorr    .         Harm     .   O - +4 pair of gloves of Apnuozua {Int+4 Stlth-}
MR       +....     NoTele   +   J - +2 pair of boots of Menlaole {rC++ Regen+ Dex+3}
Stlth    ..........             (no amulet)
HPRegen  0.00/turn              A - ring of Vihogran {-Tele Str+4 Dex+4 Stlth+}
MPRegen  0.15/turn              d - ring of protection from magic

@: lethally poisoned (-4 -> -100), non-regenerating, diseased, slowed, very slow
A: retaliatory headbutt, horns 2
a: Berserk, Trog's Hand, Brothers in Arms, Renounce Religion


You were on level 14 of the Dungeon.
You worshipped Trog.
Trog was extremely pleased with you.
You were not hungry.

You visited 1 branch of the dungeon, and saw 14 of its levels.
You also visited: Ice Cave.

You collected 973 gold pieces.
You spent 84 gold pieces at shops.

Inventory:

Hand Weapons
 y - the +10 whip of Resumed Hostilities {vamp, rF- Int+4 SInv}
   (You took it off an orc warrior on level 12 of the Dungeon)

   It inflicts no extra harm, but heals its wielder when it wounds a living foe.
   It affects your intelligence (+4).
   It makes you vulnerable to fire.
   It lets you see invisible.
 B - a +6 antimagic battleaxe
 C - the +7 executioner's axe of Kepar (weapon) {flame, rC+ rN+ Stlth+}
   (Trog gifted it to you on level 9 of the Dungeon)

   It has been specially enchanted to burn those struck by it, causing extra
   injury to most foes and up to half again as much damage against particularly
   susceptible opponents.
   Big, fiery blades are also staple armaments of hydra-hunters.
   It protects you from cold.
   It protects you from negative energy.
   It makes you more stealthy.
Armour
 u - a +0 cloak (worn)
 D - a +1 hat of intelligence (worn)
 E - the +7 plate armour of Trog's Benevolence (worn) {MR- Int+5}
   (You took it off an orc warrior on level 12 of the Dungeon)

   It affects your intelligence (+5).
   It affects your resistance to hostile enchantments.
 J - the +2 pair of boots of Menlaole (worn) {rC++ Regen+ Dex+3}
   (You found it on level 12 of the Dungeon)

   It affects your dexterity (+3).
   It greatly protects you from cold.
   It increases your rate of regeneration.
 O - the +4 pair of gloves of Apnuozua (worn) {Int+4 Stlth-}
   (You found it on level 13 of the Dungeon)

   It affects your intelligence (+4).
   It makes you less stealthy.
Jewellery
 d - a ring of protection from magic (right hand)
 h - an uncursed ring of flight
 l - an uncursed ring of protection from fire
 A - the ring of Vihogran (left hand) {-Tele Str+4 Dex+4 Stlth+}
   (You took it off a crimson imp on level 9 of the Dungeon)

   [ring of stealth]

   It affects your strength (+4).
   It affects your dexterity (+4).
   It prevents most forms of teleportation.
   It makes you more stealthy.
 G - an uncursed amulet of rage {unknown}
 K - an uncursed ring of protection from cold
 N - an uncursed ring of poison resistance
Wands
 f - a wand of scattershot (2)
 m - a wand of disintegration (15)
 v - a wand of acid (7)
 x - a wand of iceblast (19)
 H - a wand of flame (10)
Scrolls
 a - 2 scrolls of enchant armour
 e - 7 scrolls of remove curse
 n - 2 scrolls of fog
 t - 6 scrolls of teleportation
 w - 3 scrolls of enchant weapon
 F - 3 scrolls of magic mapping
 M - a scroll of fear
Potions
 b - a potion of resistance
 g - 6 potions of curing
 i - a potion of heal wounds
 j - 4 potions of lignification
 k - 4 potions of haste
 o - 6 potions of flight
 p - 5 potions of ambrosia
 q - a potion of mutation
 r - a potion of might
 s - 4 potions of brilliance
 z - a potion of cancellation
 I - a potion of magic
Miscellaneous
 L - a box of beasts
Comestibles
 c - 19 rations


   Skills:
 + Level 12.0 Fighting
 * Level 18.8 Axes
 + Level 1.1(12.7) Maces & Flails
 + Level 9.6 Armour
 * Level 10.9 Dodging
 - Level 5.3 Stealth
   Level 1.1 Shields
 * Level 5.4 Evocations


You had 13 spell levels left.
You didn't know any spells.
Your spell library was empty.

Dungeon Overview and Level Annotations

Branches:
Dungeon (14/15)            Temple (0/1) D:7            Lair (0/6) D:9
    Orc (0/2) D:12          IceCv (visited)
 Vaults: D:13-14

Altars:
Hepliaklqana
Kikubaaqudgha
Nemelex Xobeh
Sif Muna
Yredelemnul
Beogh

Shops:
D:7 *   D:11 *   D:12 (

Annotations:
D:9 Psyche


Innate Abilities, Weirdness & Mutations

You reflexively headbutt those who attack you in melee.
You have a pair of horns on your head.


Message History

The death drake is almost dead.
You feel extremely sick. The death drake breathes miasma at you.
The foul vapour misses you. The death drake bites you.
You are engulfed in dark miasma.
You are more poisoned.
* * * LOW HITPOINT WARNING * * *
x2 You feel extremely sick.
The death drake breathes miasma at you. The foul vapour engulfs you!
You are more poisoned.
You feel your flesh rotting away!
* * * LOW HITPOINT WARNING * * *
You feel much better.
* * * LOW HITPOINT WARNING * * *
You feel extremely sick. The death drake breathes miasma at you.
The foul vapour engulfs you but does no damage.
The death drake bites you!
* * * LOW HITPOINT WARNING * * *
You die...

#.... #....
#....######+##.
#......[.......
#..............
#...°°°°°...... #..
#°k°#### #..##°°°##>#
........@...#
............#
............#
.?..........#
............#
............# #
............# ≈≈
####+############'####+≈##
.......................≈≈≈


You could see a death drake shaped shifter.

Vanquished Creatures
  Gastronok (D:11)
  A tengu reaver (D:13)
  The ghost of Tellyoc the Cleaver, a journeyman FoAK of Lugonu (D:12)
  Josephine (D:11)
  Fannar (D:11)
  A hydra (D:13)
  A two-headed ogre (D:10)
  A tengu warrior (D:13)
  4 skeletal warriors (D:13)
  2 unseen horrors
  The ghost of grandjackal the Zephyrmancer, a novice TeAE of Vehumet (D:7)
  A wolf spider (D:13)
  A deep elf mage (D:13)
  5 ugly things
  3 cyclopes
  A manticore (D:12)
  Maurice (D:11)
  4 ice statues
  A centaur zombie (D:10)
  3 gargoyles
  Joseph (D:8)
  An efreet (D:13)
  A komodo dragon (D:13)
  A troll (D:9)
  A jumping spider (shapeshifter) (D:13)
  3 slime creatures (D:12)
  3 hippogriffs
  2 centaur simulacra
  A shadow (D:14)
  A spriggan (D:7)
  A spriggan (shapeshifter) (D:14)
  2 vampires (D:13)
  15 yaks
  4 wraiths (D:11)
  3 hungry ghosts
  4 vampire mosquitoes (D:12)
  Grum (D:9)
  4 wargs
  A harpy simulacrum (D:13)
  3 water moccasins
  A soldier ant (D:13)
  13 ice beasts
  3 sky beasts
  11 orc warriors
  A phantom (D:13)
  4 wolves (D:9)
  7 ogres
  A necrophage (D:6)
  9 centaurs
  A crocodile (D:8)
  2 gnoll sergeants (D:10)
  12 bullfrogs
  2 wyvern zombies
  A wyvern skeleton (D:13)
  13 scorpions
  3 wights (D:9)
  20 killer bees
  2 howler monkeys
  2 crimson imps
  A quasit (D:9)
  11 orc priests
  8 hounds
  2 jellies
  11 orc wizards
  4 centaur skeletons
  Ijyb (D:3)
  Terence (D:3)
  8 iguanas
  13 worker ants
  A bullfrog simulacrum (D:7)
  A spectral hound (D:7)
  A hound zombie (D:6)
  2 worker ant zombies
  15 adders
  19 gnolls
  A shadow imp (D:12)
  3 oozes
  2 adder zombies
  2 adder skeletons
  6 worms
  3 dart slugs
  7 leopard geckos
  55 orcs
  A ball python (D:4)
  7 bats
  8 giant cockroaches
  10 goblins
  7 hobgoblins
  7 jackals
  8 quokkas
  3 frilled lizards
  2 jackal zombies
  7 kobolds
  A leopard gecko skeleton (D:6)
  A quokka zombie (D:7)
  5 rats
  A spectral orc (D:6)
442 creatures vanquished.

Vanquished Creatures (collateral kills)
  A lich (D:13)
  A tengu reaver (D:13)
  The ghost of Bisuteo the Nimble, a journeyman MiMo of Cheibriados (D:13)
  A necromancer (D:13)
4 creatures vanquished.

Vanquished Creatures (others)
  A hungry ghost (D:7)
  A killer bee (D:10)
  An adder (D:10)
3 creatures vanquished.

Grand Total: 449 creatures vanquished

Notes
Turn   | Place    | Note
-------+----------+-------------------------------------------
     0 | D:1      | qdestroyer the Minotaur Berserker began the quest for the
                  | Orb.
     0 | D:1      | Reached XP level 1. HP: 19/19 MP: 0/0
    13 | D:1      | Found a sparkling altar of Nemelex Xobeh.
   119 | D:1      | Reached skill level 4 in Axes
   119 | D:1      | Reached XP level 2. HP: 23/27 MP: 1/1
   187 | D:1      | You fall into a shaft and drop 1 floor!
   209 | D:2      | Reached XP level 3. HP: 8/33 MP: 2/2
   883 | D:2      | Reached ** piety under Trog
   909 | D:2      | Reached XP level 4. HP: 36/41 MP: 3/3
  1181 | D:2      | Found an ancient bone altar of Kikubaaqudgha.
  1257 | D:3      | Noticed Ijyb
  1276 | D:3      | Killed Ijyb
  1276 | D:3      | Reached skill level 5 in Axes
  1685 | D:3      | Reached XP level 5. HP: 44/47 MP: 4/4
  1741 | D:3      | Noticed Terence
  1747 | D:3      | Killed Terence
  1789 | D:3      | Reached *** piety under Trog
  2201 | D:3      | Reached skill level 5 in Fighting
  2201 | D:3      | Reached skill level 6 in Axes
  2201 | D:3      | Reached XP level 6. HP: 56/56 MP: 5/5
  2576 | D:4      | Reached skill level 1 in Stealth
  3076 | D:4      | Reached skill level 7 in Axes
  3094 | D:4      | Reached XP level 7. HP: 16/61 MP: 6/6
  4152 | D:5      | Entered Level 5 of the Dungeon
  4302 | D:5      | Reached **** piety under Trog
  4444 | D:5      | Reached skill level 8 in Axes
  4578 | D:5      | Reached XP level 8. HP: 65/70 MP: 7/7
  4967 | D:5      | Got an encrusted spear
  5330 | D:6      | Reached skill level 9 in Axes
  5374 | D:6      | Reached skill level 5 in Dodging
  5435 | D:6      | Found a basalt altar of Yredelemnul.
  5996 | D:6      | Reached skill level 10 in Axes
  6001 | D:6      | Reached XP level 9. HP: 79/79 MP: 8/8
  6006 | D:6      | Reached skill level 11 in Axes
  6145 | D:7      | Found a transporter.
  6145 | D:7      | Noticed grandjackal's ghost (novice TeAE)
  6156 | D:7      | Found a transporter.
  6507 | D:7      | Reached ***** piety under Trog
  6576 | D:7      | Found Pergh's General Store.
  6579 | D:7      | Bought a +0 pair of boots for 58 gold pieces
  6579 | D:7      | Bought a scroll of identify for 26 gold pieces
  6687 | D:7      | Found a staircase to the Ecumenical Temple.
  6694 | D:7      | Reached skill level 12 in Axes
  6723 | D:7      | Reached skill level 1 in Shields
  6945 | D:7      | You fall into a shaft and drop 2 floors!
  6961 | D:9      | Reached XP level 10. HP: 62/88 MP: 9/9
  6963 | D:9      | Noticed Grum
  6974 | D:9      | Killed Grum
  7258 | D:9      | Received a gift from Trog
  7261 | D:9      | Got a warped executioner's axe {god gift}
  7263 | D:9      | Identified the +7 executioner's axe of Kepar {flame, rC+
                  | rN+ Stlth+} (Trog gifted it to you on level 9 of the
                  | Dungeon)
  7290 | D:9      | Found a shimmering blue altar of Sif Muna.
  7290 | D:9      | Found a hazy altar of Hepliaklqana.
  7354 | D:9      | Found a staircase to the Lair.
  7360 | D:9      | Noticed Psyche
  8026 | D:7      | Reached skill level 5 in Armour
  8032 | D:7      | Killed grandjackal's ghost
  8032 | D:7      | Reached skill level 13 in Axes
  8385 | D:8      | Noticed Joseph
  8393 | D:8      | Killed Joseph
  8835 | D:8      | Found a hazy altar of Hepliaklqana.
  9100 | D:9      | Identified the ring of Vihogran {-Tele Str+4 Dex+4 Stlth+}
  9103 | D:9      | Reached skill level 14 in Axes
  9103 | D:9      | Reached XP level 11. HP: 81/99 MP: 10/10
  9306 | D:9      | Reached skill level 5 in Stealth
  9310 | D:9      | Received a gift from Trog
  9655 | D:10     | Entered Level 10 of the Dungeon
  9709 | D:10     | Reached skill level 10 in Fighting
  9794 | D:10     | Identified the +5 spear of Ruination {flame, rPois rC+}
                  | (You found it on level 5 of the Dungeon)
  9842 | D:10     | Noticed a two-headed ogre
  9845 | D:10     | Killed a two-headed ogre
 10061 | D:10     | Reached XP level 12. HP: 61/108 MP: 10/13
 10232 | D:11     | Noticed Josephine
 10241 | D:11     | Killed Josephine
 10241 | D:11     | Reached skill level 15 in Axes
 10473 | D:11     | Noticed a centaur warrior
 10473 | D:11     | Noticed a five-headed hydra
 10557 | D:11     | Found Puoply's General Store.
 10558 | D:11     | Noticed Gastronok
 10567 | D:11     | Killed Gastronok
 10694 | D:11     | Noticed Fannar
 10701 | D:11     | Killed Fannar
 10701 | D:11     | Reached skill level 16 in Axes
 10787 | D:11     | Noticed Maurice
 10810 | D:11     | Killed Maurice
 11033 | D:12     | Reached XP level 13. HP: 116/116 MP: 14/14
 11053 | D:12     | Received a gift from Trog
 11093 | D:12     | Reached skill level 10 in Dodging
 11121 | D:12     | Found a runed translucent gate.
 11121 | D:12     | Noticed Tellyoc's ghost (journeyman FoAK)
 11126 | D:12     | Found a frozen archway.
 11262 | IceCv    | Entered an ice cave
 11684 | D:12     | Found a runed translucent gate.
 11684 | D:12     | Found a runed translucent gate.
 11690 | D:12     | Found a roughly hewn altar of Beogh.
 11690 | D:12     | Identified the +10 whip of Resumed Hostilities {vamp, rF-
                  | Int+4 SInv}
 11690 | D:12     | Identified the +7 plate armour of Trog's Benevolence {MR-
                  | Int+5}
 11697 | D:12     | Killed Tellyoc's ghost
 11697 | D:12     | Reached skill level 17 in Axes
 11900 | D:12     | Got a distressingly furry helmet
 11946 | D:12     | Found a staircase to the Orcish Mines.
 12008 | D:12     | Found Moekh's Antique Weapon Shop.
 12195 | D:12     | Reached ****** piety under Trog
 12225 | D:12     | Got a pair of fine boots
 12246 | D:12     | Identified the +2 pair of boots of Menlaole {rC++ Regen+
                  | Dex+3} (You found it on level 12 of the Dungeon)
 12258 | D:12     | Identified the +1 helmet of the Learner {SInv} (You found
                  | it on level 12 of the Dungeon)
 12340 | D:12     | Reached skill level 1 in Maces & Flails
 12590 | D:13     | Found a runed translucent door.
 12591 | D:13     | Noticed a lich
 12591 | D:13     | Noticed a tengu reaver
 12595 | D:13     | Noticed a tengu reaver
 12595 | D:13     | Noticed Bisuteo's ghost (journeyman MiMo)
 12606 | D:13     | Killed a tengu reaver
 12623 | D:13     | Killed a lich
 12623 | D:13     | Received a gift from Trog
 12627 | D:13     | Killed a tengu reaver
 12627 | D:13     | Reached skill level 18 in Axes
 12631 | D:13     | Killed Bisuteo's ghost
 12631 | D:13     | Reached skill level 5 in Evocations
 12781 | D:13     | Found a runed translucent door.
 13141 | D:13     | Reached XP level 14. HP: 117/125 MP: 16/16
 13194 | D:13     | Got a pair of pitted gloves
 13197 | D:13     | Identified the +4 pair of gloves of Apnuozua {Int+4 Stlth-}
                  | (You found it on level 13 of the Dungeon)
 13499 | D:14     | HP: 6/126 [death drake (shapeshifter) (8)]
 13500 | D:14     | Succumbed to a death drake's foul vapour

Levels and vault maps discovered:
D:1:      ncdulo_watergridlock, layout_basic, nemelex_xobeh_ov_fountains_minmay
D:2:      layout_rooms, lemuel_crystal_altar
D:3:      minmay_inner_zag, layout_basic, uniq_terence, uniq_ijyb
D:4:      minmay_recursive_quarters, layout_basic
D:5:      layout_basic, first_ration
D:6:      layout_gridville, yredelemnul_forgotten_temple_becter
D:7:      layout_cave_pods, minmay_temple_entry_large_hall,
          gammafunk_ghost_mausoleum, serial_park, serial_park_square3
          [serial_park_minivault_5x5_3], serial_shops, kennysheep_mini,
          the_bakery
D:8:      kennysheep_blocky_hall, layout_loops_ring, kennysheep_diamond,
          uniq_joseph
D:9:      layout_roguey, chequers_temple_overflow_statue_of_worship,
          erik_lair_orcish_takeover, uniq_grum, uniq_psyche
D:10:     layout_cave_pools
D:11:     layout_irregular_city, serial_shops,
          nicolae_shop_competitors_out_of_business, minivault_12, uniq_fannar,
          uniq_gastronok, uniq_maurice, uniq_josephine
D:12:     lemuel_ice_statue, layout_long_grid, hiddenorc1_lemuel,
          biasface_ghost_orc_armoury, portal_ice_cave_entry_pillars_1,
          serial_shops, kennysheep_little_box, hangedman_decor_lopped
D:13:     layout_roguey, muffindrake_ghost_dual_entry
D:14:     layout_stronghold, david_vaults_2, minmay_crystal_water, serial_shops,
          shop

Skill      XL: |  1  2  3  4  5  6  7  8  9 10 11 12 13 14 |
---------------+-------------------------------------------+-----
Axes           | 4 5 6 7 8 10 12 14 16 18 | 18.8
Fighting       | 4 5 6 7 8 9 10 11 12 | 12.0
Armour         | 3 6 8 9 |  9.6
Dodging        | 3 4 5 6 7 9 10 | 10.9
Stealth        | 1 2 3 4 5 |  5.3
Shields        | 1 |  1.1
Evocations     | 3 5 |  5.4
Maces & Flails | 1 |  1.1

Action                   |  1- 3 |  4- 6 |  7- 9 | 10-12 | 13-15 || total
-------------------------+-------+-------+-------+-------+-------++-------
Melee: Hand axe          |    58 |   153 |   254 |    43 |       ||   508
       Headbutt          |     8 |    26 |    54 |    61 |    60 ||   209
       Executioner's axe |       |       |       |   243 |   211 ||   454
       Whip              |       |       |       |       |    25 ||    25
Invok: Berserk           |     3 |     2 |     8 |    10 |     2 ||    25
       Trog's Hand       |       |       |       |     4 |     2 ||     6
       Brothers in Arms  |       |       |       |       |     1 ||     1
 Abil: Evoke Flight      |       |       |       |       |     1 ||     1
  Use: Scroll            |     5 |     5 |     9 |     6 |     5 ||    30
       Potion            |       |       |       |     1 |     3 ||     4
 Stab: Sleeping          |       |       |     6 |       |       ||     6
       Distracted        |       |       |       |       |     1 ||     1
  Eat: Chunk             |     1 |     7 |    10 |    11 |     4 ||    33
       Ration            |       |     1 |     3 |     4 |     3 ||    11
Armor: Animal skin       |    14 |    18 |    15 |       |       ||    47
       Chain mail        |       |       |    28 |   164 |    35 ||   227
       Plate armour      |       |       |       |       |   117 ||   117
Dodge: Dodged            |    40 |    91 |   131 |   203 |   160 ||   625
Block: Buckler           |       |       |    14 |     4 |       ||    18

Table legend:
 A = Non-vault XP
 B = Vault XP
 C = Vault XP percentage of total XP
 D = Non-vault monster count
 E = Vault monster count
 F = Vault count percentage of total count
                 A         B        C        D         E       F
            +---------+---------+-------+---------+---------+-------
      Total |   33108 |   22601 |  40.6 |     346 |     102 |  22.8
            +---------+---------+-------+---------+---------+-------
        D:1 |      34 |       0 |   0.0 |      17 |       0 |   0.0
        D:2 |      84 |       0 |   0.0 |      19 |       0 |   0.0
        D:3 |     250 |      81 |  24.5 |      31 |       6 |  16.2
        D:4 |     448 |      36 |   7.4 |      22 |       4 |  15.4
        D:5 |     636 |       0 |   0.0 |      19 |       0 |   0.0
        D:6 |    2053 |       1 |   0.0 |      34 |       1 |   2.9
        D:7 |    1291 |    1363 |  51.4 |      20 |      12 |  37.5
        D:8 |    1658 |     669 |  28.7 |      23 |       5 |  17.9
        D:9 |    2585 |    1281 |  33.1 |      34 |      14 |  29.2
       D:10 |    3195 |       0 |   0.0 |      27 |       0 |   0.0
       D:11 |    2569 |    5552 |  68.4 |      26 |       8 |  23.5
       D:12 |    7355 |    2722 |  27.0 |      45 |      32 |  41.6
       D:13 |   10512 |    7640 |  42.1 |      27 |       9 |  25.0
       D:14 |     438 |       0 |   0.0 |       2 |       0 |   0.0
      IceCv |       0 |    3256 | 100.0 |       0 |      11 | 100.0
            +---------+---------+-------+---------+---------+-------
